 Dungeon Crawl Stone Soup version 0.31-a0-152-g6aa68a64a1 (webtiles) character file.

Game seed: 18054728335168313539

2414 qw the Skirmisher (level 9, 79/79 HPs)
             Began as a Minotaur Hunter on June 10, 2023.
             Was a Follower of Okawaru.
             Quit the game on level 6 of the Dungeon.
             The game lasted 00:07:12 (6675 turns).

qw the Skirmisher (Minotaur Hunter)                 Turns: 6675, Time: 00:07:12

Health: 79/79      AC: 12    Str: 16    XL:     9   Next: 23%
Magic:  11/11      EV: 14    Int:  6    God:    Okawaru [*.....]
Gold:   295        SH:  0    Dex: 24    Spells: 8/8 levels left

rFire   . . .        Y - +0 shortbow (elec)
rCold   . . .        (shield currently unavailable)
rNeg    . . .        p - +0 swamp dragon scales
rPois   +            (helmet restricted)
rElec   .            (no cloak)
rCorr   .            (no gloves)
SInv    .            l - +0 pair of boots
Will    .....        (no amulet)
Stlth   +            f - +6 ring of dexterity
HPRegen 0.33/turn    j - +4 ring of protection
MPRegen 0.12/turn

%: no passive effects
@: no status effects
A: horns 2, retaliatory headbutt
a: Renounce Religion, Heroism


You were on level 6 of the Dungeon.
You worshipped Okawaru.
Okawaru was aware of your devotion.
You visited 2 branches of the dungeon, and saw 7 of its levels.

You collected 295 gold pieces.


Innate Abilities, Weirdness & Mutations

You have a pair of horns on your head.
You reflexively headbutt those who attack you in melee.


   Skills:
 - Level 7.1 Fighting
 - Level 10.8 Ranged Weapons
 + Level 2.0 Armour
 - Level 5.1 Dodging
 - Level 0.7 Stealth
 - Level 4.0 Invocations


You had 8 spell levels left.
You didn't know any spells.
Your spell library was empty.

Inventory:

Hand Weapons
 Y - a +0 shortbow of electrocution (weapon)
Armour
 l - a +0 pair of boots (worn)
 p - +0 swamp dragon scales (worn)
 q - a +3 leather armour of willpower
Jewellery
 c - a ring of poison resistance
 f - a +6 ring of dexterity (left hand)
 j - a +4 ring of protection (right hand)
 k - a ring of fire
Scrolls
 n - a scroll of identify
Potions
 b - a potion of magic
 d - 4 potions of cancellation
 e - 2 potions of might
 i - 2 potions of haste
 r - a potion of enlightenment {unknown}
 s - a potion of mutation {unknown}

Dungeon Overview and Level Annotations

Branches:
Dungeon (6/15)             Temple (1/1) D:4

Altars:
Ashenzari
Cheibriados
Elyvilon
Gozag
Kikubaaqudgha
Makhleb
Okawaru
Qazlal
Ru
Sif Muna
Trog
Vehumet
Wu Jian
Xom
Yredelemnul
Zin
The Shining One

Shops:
D:1 [

Annotations:
D:2 1 runed translucent door, Crazy Yiuf
D:3 3 runed translucent doors, qw's ghost, amateur NaHu
D:6 1 runed translucent door


Message History

6636 ||| Stepping randomly (stuck).
6637 ||| Stepping randomly (stuck).
6638 ||| Stepping randomly (stuck).
6639 ||| Stepping randomly (stuck).
6640 ||| Stepping randomly (stuck).
6641 ||| Stepping randomly (stuck).
6642 ||| Stepping randomly (stuck).
6643 ||| Stepping randomly (stuck).
6644 ||| Stepping randomly (stuck).
6645 ||| Stepping randomly (stuck).
6646 ||| Stepping randomly (stuck).
6647 ||| Stepping randomly (stuck).
6648 ||| Stepping randomly (stuck).
6649 ||| Stepping randomly (stuck).
6650 ||| Stepping randomly (stuck).
6651 ||| Stepping randomly (stuck).
6652 ||| Stepping randomly (stuck).
6653 ||| Stepping randomly (stuck).
6654 ||| Stepping randomly (stuck).
6655 ||| Stepping randomly (stuck).
6656 ||| Stepping randomly (stuck).
6657 ||| Stepping randomly (stuck).
6658 ||| Stepping randomly (stuck).
6659 ||| Stepping randomly (stuck).
6660 ||| Stepping randomly (stuck).
6661 ||| Stepping randomly (stuck).
6662 ||| Stepping randomly (stuck).
6663 ||| Stepping randomly (stuck).
6664 ||| Stepping randomly (stuck).
6665 ||| Stepping randomly (stuck).
6666 ||| Stepping randomly (stuck).
6667 ||| Stepping randomly (stuck).
6668 ||| Stepping randomly (stuck).
6669 ||| Stepping randomly (stuck).
6670 ||| Stepping randomly (stuck).
6671 ||| Stepping randomly (stuck).
6672 ||| Stepping randomly (stuck).
6673 ||| Stepping randomly (stuck).
6674 ||| Stepping randomly (stuck).
Are you sure you want to abandon this character and quit the game? (Confirm with "yes".)

#.......## #...... #### ##.....##
##...## ###..## ###.#..### #....#
#.....###...#....# ###.....
####...#.....#....###.###...
###.##............#..#...#....
#.................#...........
##....#...........##..#.......
##..?#......@.(...#.##...##..
###.............##......###.
#>..#...............###.###.
##..........................
##............<...........).#
#.........[.#.#.....#..#..###
##..........####....#####..##
#######........###......####.....
#.#)##.........##.......##.......


There were no monsters in sight!

Vanquished Creatures
  Maggie (D:6)
  Grinder (D:6)
  Sigmund (D:3)
  A water moccasin (D:6)
  Duvessa (D:6)
  A sky beast (D:6)
  4 ogres
  A scorpion (D:6)
  Dowan (D:6)
  A jelly (D:4)
  4 crimson imps (D:6)
  An iron imp (D:4)
  4 hounds
  3 gnoll boudas
  An iguana (D:6)
  A sleepcap (D:3)
  3 orc wizards
  25 gnolls
  12 adders
  An ufetubus (D:5)
  A worm (D:2)
  A dart slug (D:3)
  22 orcs
  3 bats
  3 endoplasms
  6 giant cockroaches
  5 hobgoblins
  10 jackals
  3 kobolds
  3 quokkas
  12 ball pythons
  2 frilled lizards (D:2)
  4 goblins
  4 rats
147 creatures vanquished.

Notes
Turn   | Place    | Note
-------+----------+-------------------------------------------
     0 | D:1      | qw the Minotaur Hunter began the quest for the Orb.
     0 | D:1      | Reached XP level 1. HP: 18/18 MP: 0/0
     0 | D:1      | 0 ||| qw: Version: 0.2-a-122-gbc61b45
     0 | D:1      | 0 ||| qw: Game counter: 3663
     0 | D:1      | 0 ||| qw: Always use a shield: true
     0 | D:1      | 0 ||| qw: God list: Okawaru
     0 | D:1      | 0 ||| qw: Allow faded altars: false
     0 | D:1      | 0 ||| qw: Do Orc after D:15 true
     0 | D:1      | 0 ||| qw: Do second Lair branch before Depths: true
     0 | D:1      | 0 ||| qw: Lair rune preference: random
     0 | D:1      | 0 ||| qw: Plans: Normal
     0 | D:1      | 0 ||| PLANNING D:1-11
   153 | D:1      | Found Efatef's Armour Emporium.
   186 | D:1      | Reached XP level 2. HP: 25/25 MP: 1/1
   191 | D:1      | 191 ||| SHOPLISTING +0 cloak (58 gold, have 38).
   191 | D:1      | 191 ||| SHOPLISTING +0 ring mail (52 gold, have 38).
   191 | D:1      | 191 ||| SHOPLISTING +2 ring mail of poison resistance (234
                  | gold, have 38).
   249 | D:1      | Reached skill level 5 in Ranged Weapons
   766 | D:1      | 766 ||| UPGRADING to +6 ring of dexterity.
   767 | D:1      | 767 ||| DROPPING scroll of butterflies.
   775 | D:2      | 775 ||| STAIRDANCE
   817 | D:2      | Reached skill level 3 in Fighting
   819 | D:2      | 819 ||| STAIRDANCE
   825 | D:1      | Reached XP level 3. HP: 24/31 MP: 2/2
   854 | D:2      | 854 ||| STAIRDANCE
   913 | D:2      | 913 ||| STAIRDANCE
  1095 | D:2      | Reached XP level 4. HP: 38/38 MP: 3/3
  1099 | D:2      | Reached skill level 6 in Ranged Weapons
  1131 | D:2      | Found a faded altar of an unknown god.
  1316 | D:2      | Found a runed translucent door.
  1317 | D:2      | Noticed Crazy Yiuf
  1651 | D:2      | Reached skill level 3 in Dodging
  1804 | D:2      | 1804 ||| UPGRADING to amulet of guardian spirit.
  1809 | D:2      | 1809 ||| READING scroll labelled XIEFEY RACICH.
  1810 | D:2      | 1810 ||| READING scroll labelled LETE TYRICWE.
  1811 | D:2      | 1811 ||| READING scroll labelled REFREE KEMMYOSH.
  1812 | D:2      | 1812 ||| READING 2 scrolls labelled SUNOEX BOBRAXOJYH.
  1813 | D:2      | 1813 ||| READING scroll labelled HIP FILOEZETT.
  1814 | D:2      | 1814 ||| READING scroll labelled PAOMAO WEPTYMM.
  1876 | D:2      | 1876 ||| READING scroll labelled OTOFER PIQE.
  1977 | D:2      | 1977 ||| DRINKING 2 smoky brown potions.
  1978 | D:2      | 1978 ||| DRINKING 2 murky clear potions.
  2004 | D:3      | Reached XP level 5. HP: 46/46 MP: 4/4
  2009 | D:3      | 2009 ||| STAIRDANCE
  2126 | D:3      | Found a runed translucent gate.
  2127 | D:3      | Found a runed translucent gate.
  2128 | D:3      | Found a runed translucent gate.
  2129 | D:3      | Found an opulent altar of Gozag.
  2132 | D:3      | Noticed qw's ghost (amateur NaHu)
  2479 | D:3      | Identified the +5 spear of Fee Simple {elec, +Blink rElec
                  | rF+ Dex-4}
  2503 | D:3      | Noticed Sigmund
  2507 | D:3      | 2507 ||| DRINKING potion of curing.
  2507 | D:3      | 2507 ||| (to cure confusion)
  2515 | D:3      | HP: 11/46 [something (11)]
  2516 | D:3      | Killed Sigmund
  2517 | D:3      | Reached skill level 7 in Ranged Weapons
  2517 | D:3      | Reached XP level 6. HP: 12/52 MP: 2/5
  2729 | D:3      | Found a radiant altar of Vehumet.
  2806 | D:3      | 2806 ||| UPGRADING to +0 pair of boots.
  2811 | D:3      | 2811 ||| READING scroll labelled GATZOCH HEFEH.
  2812 | D:3      | 2812 ||| READING scroll labelled XOPLEP MEMAODO.
  2813 | D:3      | 2813 ||| READING 3 scrolls of identify.
  2813 | D:3      | 2813 ||| IDENTIFYING bubbling brown potion
  2814 | D:3      | 2814 ||| READING 2 scrolls of identify.
  2814 | D:3      | 2814 ||| IDENTIFYING inky potion
  2815 | D:3      | 2815 ||| DROPPING potion of magic.
  2964 | D:4      | Reached skill level 1 in Armour
  3016 | D:4      | Reached skill level 8 in Ranged Weapons
  3209 | D:4      | Found a snail-covered altar of Cheibriados.
  3217 | D:4      | Reached XP level 7. HP: 60/60 MP: 6/6
  3425 | D:4      | Found a staircase to the Ecumenical Temple.
  3426 | D:4      | 3426 ||| PLANNING TEMPLE
  3426 | D:4      | 3426 ||| UPGRADING to +0 ring mail.
  3436 | D:4      | 3436 ||| DROPPING +0 leather armour.
  3437 | D:4      | 3437 ||| DROPPING ring of ice.
  3438 | D:4      | 3438 ||| UPGRADING to +4 ring of protection.
  3439 | D:4      | 3439 ||| READING scroll labelled QAEFIPT YFURA.
  3446 | Temple   | Entered the Ecumenical Temple
  3559 | Temple   | 3559 ||| PLANNING D:1-11
  3675 | D:4      | Found a broken altar of Ashenzari.
  3941 | D:5      | Entered Level 5 of the Dungeon
  3951 | D:5      | 3951 ||| Stepping ~*~*~tactically~*~*~ (outnumbered).
  4081 | D:5      | 4081 ||| Stepping ~*~*~tactically~*~*~ (outnumbered).
  4083 | D:5      | 4083 ||| Stepping ~*~*~tactically~*~*~ (outnumbered).
  4089 | D:5      | 4089 ||| Stepping ~*~*~tactically~*~*~ (outnumbered).
  4090 | D:5      | 4090 ||| Stepping ~*~*~tactically~*~*~ (outnumbered).
  4220 | D:5      | Reached skill level 9 in Ranged Weapons
  4225 | D:5      | Found an iron altar of Okawaru.
  4226 | D:5      | 4226 ||| PLANNING OKAWARU WORSHIP
  4226 | D:5      | 4226 ||| READING scroll labelled AHIWOSE ZYDGHEVO.
  4227 | D:5      | 4227 ||| READING 2 scrolls labelled OMPABI YBLELUA.
  4228 | D:5      | 4228 ||| DROPPING scroll of noise.
  4236 | D:5      | Became a worshipper of Warmaster Okawaru
  4236 | D:5      | 4236 ||| PLANNING D:1-11
  4237 | D:5      | 4237 ||| REMOVING amulet of guardian spirit.
  4376 | D:5      | Reached XP level 8. HP: 70/70 MP: 7/7
  4535 | D:5      | Reached skill level 6 in Fighting
  4715 | D:5      | Found a glowing silver altar of Zin.
  4742 | D:5      | Reached * piety under Okawaru
  4808 | D:5      | 4808 ||| DROPPING amulet of guardian spirit.
  4809 | D:5      | 4809 ||| UPGRADING to ring of poison resistance.
  4820 | D:6      | 4820 ||| PLANNING OSSUARY
  4823 | D:6      | Noticed Grinder
  4824 | D:6      | 4824 ||| INVOKING Heroism.
  4833 | D:6      | Killed Grinder
  4834 | D:6      | Reached skill level 10 in Ranged Weapons
  4938 | D:6      | Found a shimmering altar of Xom.
  4966 | D:6      | Reached skill level 1 in Invocations
  5056 | D:6      | Reached skill level 3 in Invocations
  5067 | D:6      | Noticed Maggie
  5072 | D:6      | 5072 ||| INVOKING Heroism.
  5079 | D:6      | Killed Maggie
  5080 | D:6      | Reached XP level 9. HP: 39/79 MP: 7/10
  5220 | D:6      | Noticed Dowan
  5221 | D:6      | 5221 ||| INVOKING Heroism.
  5225 | D:6      | Killed Dowan
  5227 | D:6      | Noticed Duvessa
  5236 | D:6      | Killed Duvessa
  5288 | D:6      | 5288 ||| INVOKING Heroism.
  5331 | D:6      | Found a runed translucent door.
  5391 | D:6      | Found an ancient bone altar of Kikubaaqudgha.
  5528 | D:6      | Found a sand-covered staircase.
  5529 | D:6      | 5529 ||| UPGRADING to +0 swamp dragon scales.
  5539 | D:6      | 5539 ||| REMOVING ring of poison resistance.
  5540 | D:6      | 5540 ||| DROPPING +0 ring mail.
  5541 | D:6      | 5541 ||| DROPPING amulet of magic regeneration.
  5542 | D:6      | 5542 ||| UPGRADING to +4 ring of protection.
  5543 | D:6      | 5543 ||| READING scroll labelled ACEAPRYDEI.
  5658 | D:6      | 5658 ||| READING 3 scrolls of identify.
  5658 | D:6      | 5658 ||| IDENTIFYING dark potion
  5659 | D:6      | 5659 ||| READING 2 scrolls of identify.
  5659 | D:6      | 5659 ||| IDENTIFYING grey potion
  5660 | D:6      | 5660 ||| DROPPING potion of brilliance.
  5661 | D:6      | 5661 ||| DROPPING potion of degeneration.
  5662 | D:6      | 5662 ||| Stepping randomly (stuck).
  5663 | D:6      | 5663 ||| Stepping randomly (stuck).
  5664 | D:6      | 5664 ||| Stepping randomly (stuck).
  5665 | D:6      | 5665 ||| Stepping randomly (stuck).
  5666 | D:6      | 5666 ||| Stepping randomly (stuck).
  5667 | D:6      | 5667 ||| Stepping randomly (stuck).
  5668 | D:6      | 5668 ||| Stepping randomly (stuck).
  5669 | D:6      | 5669 ||| Stepping randomly (stuck).
  5670 | D:6      | 5670 ||| Stepping randomly (stuck).
  5671 | D:6      | 5671 ||| Stepping randomly (stuck).
  5672 | D:6      | 5672 ||| Stepping randomly (stuck).
  5673 | D:6      | 5673 ||| Stepping randomly (stuck).
  5674 | D:6      | 5674 ||| Stepping randomly (stuck).
  5675 | D:6      | 5675 ||| Stepping randomly (stuck).
  5676 | D:6      | 5676 ||| Stepping randomly (stuck).
  5677 | D:6      | 5677 ||| Stepping randomly (stuck).
  5678 | D:6      | 5678 ||| Stepping randomly (stuck).
  5679 | D:6      | 5679 ||| Stepping randomly (stuck).
  5680 | D:6      | 5680 ||| Stepping randomly (stuck).
  5681 | D:6      | 5681 ||| Stepping randomly (stuck).
  5682 | D:6      | 5682 ||| Stepping randomly (stuck).
  5683 | D:6      | 5683 ||| Stepping randomly (stuck).
  5684 | D:6      | 5684 ||| Stepping randomly (stuck).
  5685 | D:6      | 5685 ||| Stepping randomly (stuck).
  5686 | D:6      | 5686 ||| Stepping randomly (stuck).
  5687 | D:6      | 5687 ||| Stepping randomly (stuck).
  5688 | D:6      | 5688 ||| Stepping randomly (stuck).
  5689 | D:6      | 5689 ||| Stepping randomly (stuck).
  5690 | D:6      | 5690 ||| Stepping randomly (stuck).
  5691 | D:6      | 5691 ||| Stepping randomly (stuck).
  5692 | D:6      | 5692 ||| Stepping randomly (stuck).
  5693 | D:6      | 5693 ||| Stepping randomly (stuck).
  5694 | D:6      | 5694 ||| Stepping randomly (stuck).
  5695 | D:6      | 5695 ||| Stepping randomly (stuck).
  5696 | D:6      | 5696 ||| Stepping randomly (stuck).
  5697 | D:6      | 5697 ||| Stepping randomly (stuck).
  5698 | D:6      | 5698 ||| Stepping randomly (stuck).
  5699 | D:6      | 5699 ||| Stepping randomly (stuck).
  5700 | D:6      | 5700 ||| Stepping randomly (stuck).
  5701 | D:6      | 5701 ||| Stepping randomly (stuck).
  5702 | D:6      | 5702 ||| Stepping randomly (stuck).
  5703 | D:6      | 5703 ||| Stepping randomly (stuck).
  5704 | D:6      | 5704 ||| Stepping randomly (stuck).
  5705 | D:6      | 5705 ||| Stepping randomly (stuck).
  5706 | D:6      | 5706 ||| Stepping randomly (stuck).
  5707 | D:6      | 5707 ||| Stepping randomly (stuck).
  5708 | D:6      | 5708 ||| Stepping randomly (stuck).
  5709 | D:6      | 5709 ||| Stepping randomly (stuck).
  5710 | D:6      | 5710 ||| Stepping randomly (stuck).
  5711 | D:6      | 5711 ||| Stepping randomly (stuck).
  5712 | D:6      | 5712 ||| Stepping randomly (stuck).
  5713 | D:6      | 5713 ||| READING 3 scrolls of teleportation.
  5716 | D:6      | 5716 ||| READING 2 scrolls of teleportation.
  5720 | D:6      | 5720 ||| READING scroll of teleportation.
  5725 | D:6      | 5725 ||| Stepping randomly (stuck).
  5726 | D:6      | 5726 ||| Stepping randomly (stuck).
  5727 | D:6      | 5727 ||| Stepping randomly (stuck).
  5728 | D:6      | 5728 ||| Stepping randomly (stuck).
  5729 | D:6      | 5729 ||| Stepping randomly (stuck).
  5730 | D:6      | 5730 ||| Stepping randomly (stuck).
  5731 | D:6      | 5731 ||| Stepping randomly (stuck).
  5732 | D:6      | 5732 ||| Stepping randomly (stuck).
  5733 | D:6      | 5733 ||| Stepping randomly (stuck).
  5734 | D:6      | 5734 ||| Stepping randomly (stuck).
  5735 | D:6      | 5735 ||| Stepping randomly (stuck).
  5736 | D:6      | 5736 ||| Stepping randomly (stuck).
  5737 | D:6      | 5737 ||| Stepping randomly (stuck).
  5738 | D:6      | 5738 ||| Stepping randomly (stuck).
  5739 | D:6      | 5739 ||| Stepping randomly (stuck).
  5740 | D:6      | 5740 ||| Stepping randomly (stuck).
  5741 | D:6      | 5741 ||| Stepping randomly (stuck).
  5742 | D:6      | 5742 ||| Stepping randomly (stuck).
  5743 | D:6      | 5743 ||| Stepping randomly (stuck).
  5744 | D:6      | 5744 ||| Stepping randomly (stuck).
  5745 | D:6      | 5745 ||| Stepping randomly (stuck).
  5746 | D:6      | 5746 ||| Stepping randomly (stuck).
  5747 | D:6      | 5747 ||| Stepping randomly (stuck).
  5748 | D:6      | 5748 ||| Stepping randomly (stuck).
  5749 | D:6      | 5749 ||| Stepping randomly (stuck).
  5750 | D:6      | 5750 ||| Stepping randomly (stuck).
  5751 | D:6      | 5751 ||| Stepping randomly (stuck).
  5752 | D:6      | 5752 ||| Stepping randomly (stuck).
  5753 | D:6      | 5753 ||| Stepping randomly (stuck).
  5754 | D:6      | 5754 ||| Stepping randomly (stuck).
  5755 | D:6      | 5755 ||| Stepping randomly (stuck).
  5756 | D:6      | 5756 ||| Stepping randomly (stuck).
  5757 | D:6      | 5757 ||| Stepping randomly (stuck).
  5758 | D:6      | 5758 ||| Stepping randomly (stuck).
  5759 | D:6      | 5759 ||| Stepping randomly (stuck).
  5760 | D:6      | 5760 ||| Stepping randomly (stuck).
  5761 | D:6      | 5761 ||| Stepping randomly (stuck).
  5762 | D:6      | 5762 ||| Stepping randomly (stuck).
  5763 | D:6      | 5763 ||| Stepping randomly (stuck).
  5764 | D:6      | 5764 ||| Stepping randomly (stuck).
  5765 | D:6      | 5765 ||| Stepping randomly (stuck).
  5766 | D:6      | 5766 ||| Stepping randomly (stuck).
  5767 | D:6      | 5767 ||| Stepping randomly (stuck).
  5768 | D:6      | 5768 ||| Stepping randomly (stuck).
  5769 | D:6      | 5769 ||| Stepping randomly (stuck).
  5770 | D:6      | 5770 ||| Stepping randomly (stuck).
  5771 | D:6      | 5771 ||| Stepping randomly (stuck).
  5772 | D:6      | 5772 ||| Stepping randomly (stuck).
  5773 | D:6      | 5773 ||| Stepping randomly (stuck).
  5774 | D:6      | 5774 ||| Stepping randomly (stuck).
  5775 | D:6      | 5775 ||| Stepping randomly (stuck).
  5776 | D:6      | 5776 ||| Stepping randomly (stuck).
  5777 | D:6      | 5777 ||| Stepping randomly (stuck).
  5778 | D:6      | 5778 ||| Stepping randomly (stuck).
  5779 | D:6      | 5779 ||| Stepping randomly (stuck).
  5780 | D:6      | 5780 ||| Stepping randomly (stuck).
  5781 | D:6      | 5781 ||| Stepping randomly (stuck).
  5782 | D:6      | 5782 ||| Stepping randomly (stuck).
  5783 | D:6      | 5783 ||| Stepping randomly (stuck).
  5784 | D:6      | 5784 ||| Stepping randomly (stuck).
  5785 | D:6      | 5785 ||| Stepping randomly (stuck).
  5786 | D:6      | 5786 ||| Stepping randomly (stuck).
  5787 | D:6      | 5787 ||| Stepping randomly (stuck).
  5788 | D:6      | 5788 ||| Stepping randomly (stuck).
  5789 | D:6      | 5789 ||| Stepping randomly (stuck).
  5790 | D:6      | 5790 ||| Stepping randomly (stuck).
  5791 | D:6      | 5791 ||| Stepping randomly (stuck).
  5792 | D:6      | 5792 ||| Stepping randomly (stuck).
  5793 | D:6      | 5793 ||| Stepping randomly (stuck).
  5794 | D:6      | 5794 ||| Stepping randomly (stuck).
  5795 | D:6      | 5795 ||| Stepping randomly (stuck).
  5796 | D:6      | 5796 ||| Stepping randomly (stuck).
  5797 | D:6      | 5797 ||| Stepping randomly (stuck).
  5798 | D:6      | 5798 ||| Stepping randomly (stuck).
  5799 | D:6      | 5799 ||| Stepping randomly (stuck).
  5800 | D:6      | 5800 ||| Stepping randomly (stuck).
  5801 | D:6      | 5801 ||| Stepping randomly (stuck).
  5802 | D:6      | 5802 ||| Stepping randomly (stuck).
  5803 | D:6      | 5803 ||| Stepping randomly (stuck).
  5804 | D:6      | 5804 ||| Stepping randomly (stuck).
  5805 | D:6      | 5805 ||| Stepping randomly (stuck).
  5806 | D:6      | 5806 ||| Stepping randomly (stuck).
  5807 | D:6      | 5807 ||| Stepping randomly (stuck).
  5808 | D:6      | 5808 ||| Stepping randomly (stuck).
  5809 | D:6      | 5809 ||| Stepping randomly (stuck).
  5810 | D:6      | 5810 ||| Stepping randomly (stuck).
  5811 | D:6      | 5811 ||| Stepping randomly (stuck).
  5812 | D:6      | 5812 ||| Stepping randomly (stuck).
  5813 | D:6      | 5813 ||| Stepping randomly (stuck).
  5814 | D:6      | 5814 ||| Stepping randomly (stuck).
  5815 | D:6      | 5815 ||| Stepping randomly (stuck).
  5816 | D:6      | 5816 ||| Stepping randomly (stuck).
  5817 | D:6      | 5817 ||| Stepping randomly (stuck).
  5818 | D:6      | 5818 ||| Stepping randomly (stuck).
  5819 | D:6      | 5819 ||| Stepping randomly (stuck).
  5820 | D:6      | 5820 ||| Stepping randomly (stuck).
  5821 | D:6      | 5821 ||| Stepping randomly (stuck).
  5822 | D:6      | 5822 ||| Stepping randomly (stuck).
  5823 | D:6      | 5823 ||| Stepping randomly (stuck).
  5824 | D:6      | 5824 ||| Stepping randomly (stuck).
  5825 | D:6      | 5825 ||| Stepping randomly (stuck).
  5826 | D:6      | 5826 ||| Stepping randomly (stuck).
  5827 | D:6      | 5827 ||| Stepping randomly (stuck).
  5828 | D:6      | 5828 ||| Stepping randomly (stuck).
  5829 | D:6      | 5829 ||| Stepping randomly (stuck).
  5830 | D:6      | 5830 ||| Stepping randomly (stuck).
  5831 | D:6      | 5831 ||| Stepping randomly (stuck).
  5832 | D:6      | 5832 ||| Stepping randomly (stuck).
  5833 | D:6      | 5833 ||| Stepping randomly (stuck).
  5834 | D:6      | 5834 ||| Stepping randomly (stuck).
  5835 | D:6      | 5835 ||| Stepping randomly (stuck).
  5836 | D:6      | 5836 ||| Stepping randomly (stuck).
  5837 | D:6      | 5837 ||| Stepping randomly (stuck).
  5838 | D:6      | 5838 ||| Stepping randomly (stuck).
  5839 | D:6      | 5839 ||| Stepping randomly (stuck).
  5840 | D:6      | 5840 ||| Stepping randomly (stuck).
  5841 | D:6      | 5841 ||| Stepping randomly (stuck).
  5842 | D:6      | 5842 ||| Stepping randomly (stuck).
  5843 | D:6      | 5843 ||| Stepping randomly (stuck).
  5844 | D:6      | 5844 ||| Stepping randomly (stuck).
  5845 | D:6      | 5845 ||| Stepping randomly (stuck).
  5846 | D:6      | 5846 ||| Stepping randomly (stuck).
  5847 | D:6      | 5847 ||| Stepping randomly (stuck).
  5848 | D:6      | 5848 ||| Stepping randomly (stuck).
  5849 | D:6      | 5849 ||| Stepping randomly (stuck).
  5850 | D:6      | 5850 ||| Stepping randomly (stuck).
  5851 | D:6      | 5851 ||| Stepping randomly (stuck).
  5852 | D:6      | 5852 ||| Stepping randomly (stuck).
  5853 | D:6      | 5853 ||| Stepping randomly (stuck).
  5854 | D:6      | 5854 ||| Stepping randomly (stuck).
  5855 | D:6      | 5855 ||| Stepping randomly (stuck).
  5856 | D:6      | 5856 ||| Stepping randomly (stuck).
  5857 | D:6      | 5857 ||| Stepping randomly (stuck).
  5858 | D:6      | 5858 ||| Stepping randomly (stuck).
  5859 | D:6      | 5859 ||| Stepping randomly (stuck).
  5860 | D:6      | 5860 ||| Stepping randomly (stuck).
  5861 | D:6      | 5861 ||| Stepping randomly (stuck).
  5862 | D:6      | 5862 ||| Stepping randomly (stuck).
  5863 | D:6      | 5863 ||| Stepping randomly (stuck).
  5864 | D:6      | 5864 ||| Stepping randomly (stuck).
  5865 | D:6      | 5865 ||| Stepping randomly (stuck).
  5866 | D:6      | 5866 ||| Stepping randomly (stuck).
  5867 | D:6      | 5867 ||| Stepping randomly (stuck).
  5868 | D:6      | 5868 ||| Stepping randomly (stuck).
  5869 | D:6      | 5869 ||| Stepping randomly (stuck).
  5870 | D:6      | 5870 ||| Stepping randomly (stuck).
  5871 | D:6      | 5871 ||| Stepping randomly (stuck).
  5872 | D:6      | 5872 ||| Stepping randomly (stuck).
  5873 | D:6      | 5873 ||| Stepping randomly (stuck).
  5874 | D:6      | 5874 ||| Stepping randomly (stuck).
  5875 | D:6      | 5875 ||| Stepping randomly (stuck).
  5876 | D:6      | 5876 ||| Stepping randomly (stuck).
  5877 | D:6      | 5877 ||| Stepping randomly (stuck).
  5878 | D:6      | 5878 ||| Stepping randomly (stuck).
  5879 | D:6      | 5879 ||| Stepping randomly (stuck).
  5880 | D:6      | 5880 ||| Stepping randomly (stuck).
  5881 | D:6      | 5881 ||| Stepping randomly (stuck).
  5882 | D:6      | 5882 ||| Stepping randomly (stuck).
  5883 | D:6      | 5883 ||| Stepping randomly (stuck).
  5884 | D:6      | 5884 ||| Stepping randomly (stuck).
  5885 | D:6      | 5885 ||| Stepping randomly (stuck).
  5886 | D:6      | 5886 ||| Stepping randomly (stuck).
  5887 | D:6      | 5887 ||| Stepping randomly (stuck).
  5888 | D:6      | 5888 ||| Stepping randomly (stuck).
  5889 | D:6      | 5889 ||| Stepping randomly (stuck).
  5890 | D:6      | 5890 ||| Stepping randomly (stuck).
  5891 | D:6      | 5891 ||| Stepping randomly (stuck).
  5892 | D:6      | 5892 ||| Stepping randomly (stuck).
  5893 | D:6      | 5893 ||| Stepping randomly (stuck).
  5894 | D:6      | 5894 ||| Stepping randomly (stuck).
  5895 | D:6      | 5895 ||| Stepping randomly (stuck).
  5896 | D:6      | 5896 ||| Stepping randomly (stuck).
  5897 | D:6      | 5897 ||| Stepping randomly (stuck).
  5898 | D:6      | 5898 ||| Stepping randomly (stuck).
  5899 | D:6      | 5899 ||| Stepping randomly (stuck).
  5900 | D:6      | 5900 ||| Stepping randomly (stuck).
  5901 | D:6      | 5901 ||| Stepping randomly (stuck).
  5902 | D:6      | 5902 ||| Stepping randomly (stuck).
  5903 | D:6      | 5903 ||| Stepping randomly (stuck).
  5904 | D:6      | 5904 ||| Stepping randomly (stuck).
  5905 | D:6      | 5905 ||| Stepping randomly (stuck).
  5906 | D:6      | 5906 ||| Stepping randomly (stuck).
  5907 | D:6      | 5907 ||| Stepping randomly (stuck).
  5908 | D:6      | 5908 ||| Stepping randomly (stuck).
  5909 | D:6      | 5909 ||| Stepping randomly (stuck).
  5910 | D:6      | 5910 ||| Stepping randomly (stuck).
  5911 | D:6      | 5911 ||| Stepping randomly (stuck).
  5912 | D:6      | 5912 ||| Stepping randomly (stuck).
  5913 | D:6      | 5913 ||| Stepping randomly (stuck).
  5914 | D:6      | 5914 ||| Stepping randomly (stuck).
  5915 | D:6      | 5915 ||| Stepping randomly (stuck).
  5916 | D:6      | 5916 ||| Stepping randomly (stuck).
  5917 | D:6      | 5917 ||| Stepping randomly (stuck).
  5918 | D:6      | 5918 ||| Stepping randomly (stuck).
  5919 | D:6      | 5919 ||| Stepping randomly (stuck).
  5920 | D:6      | 5920 ||| Stepping randomly (stuck).
  5921 | D:6      | 5921 ||| Stepping randomly (stuck).
  5922 | D:6      | 5922 ||| Stepping randomly (stuck).
  5923 | D:6      | 5923 ||| Stepping randomly (stuck).
  5924 | D:6      | 5924 ||| Stepping randomly (stuck).
  5925 | D:6      | 5925 ||| Stepping randomly (stuck).
  5926 | D:6      | 5926 ||| Stepping randomly (stuck).
  5927 | D:6      | 5927 ||| Stepping randomly (stuck).
  5928 | D:6      | 5928 ||| Stepping randomly (stuck).
  5929 | D:6      | 5929 ||| Stepping randomly (stuck).
  5930 | D:6      | 5930 ||| Stepping randomly (stuck).
  5931 | D:6      | 5931 ||| Stepping randomly (stuck).
  5932 | D:6      | 5932 ||| Stepping randomly (stuck).
  5933 | D:6      | 5933 ||| Stepping randomly (stuck).
  5934 | D:6      | 5934 ||| Stepping randomly (stuck).
  5935 | D:6      | 5935 ||| Stepping randomly (stuck).
  5936 | D:6      | 5936 ||| Stepping randomly (stuck).
  5937 | D:6      | 5937 ||| Stepping randomly (stuck).
  5938 | D:6      | 5938 ||| Stepping randomly (stuck).
  5939 | D:6      | 5939 ||| Stepping randomly (stuck).
  5940 | D:6      | 5940 ||| Stepping randomly (stuck).
  5941 | D:6      | 5941 ||| Stepping randomly (stuck).
  5942 | D:6      | 5942 ||| Stepping randomly (stuck).
  5943 | D:6      | 5943 ||| Stepping randomly (stuck).
  5944 | D:6      | 5944 ||| Stepping randomly (stuck).
  5945 | D:6      | 5945 ||| Stepping randomly (stuck).
  5946 | D:6      | 5946 ||| Stepping randomly (stuck).
  5947 | D:6      | 5947 ||| Stepping randomly (stuck).
  5948 | D:6      | 5948 ||| Stepping randomly (stuck).
  5949 | D:6      | 5949 ||| Stepping randomly (stuck).
  5950 | D:6      | 5950 ||| Stepping randomly (stuck).
  5951 | D:6      | 5951 ||| Stepping randomly (stuck).
  5952 | D:6      | 5952 ||| Stepping randomly (stuck).
  5953 | D:6      | 5953 ||| Stepping randomly (stuck).
  5954 | D:6      | 5954 ||| Stepping randomly (stuck).
  5955 | D:6      | 5955 ||| Stepping randomly (stuck).
  5956 | D:6      | 5956 ||| Stepping randomly (stuck).
  5957 | D:6      | 5957 ||| Stepping randomly (stuck).
  5958 | D:6      | 5958 ||| Stepping randomly (stuck).
  5959 | D:6      | 5959 ||| Stepping randomly (stuck).
  5960 | D:6      | 5960 ||| Stepping randomly (stuck).
  5961 | D:6      | 5961 ||| Stepping randomly (stuck).
  5962 | D:6      | 5962 ||| Stepping randomly (stuck).
  5963 | D:6      | 5963 ||| Stepping randomly (stuck).
  5964 | D:6      | 5964 ||| Stepping randomly (stuck).
  5965 | D:6      | 5965 ||| Stepping randomly (stuck).
  5966 | D:6      | 5966 ||| Stepping randomly (stuck).
  5967 | D:6      | 5967 ||| Stepping randomly (stuck).
  5968 | D:6      | 5968 ||| Stepping randomly (stuck).
  5969 | D:6      | 5969 ||| Stepping randomly (stuck).
  5970 | D:6      | 5970 ||| Stepping randomly (stuck).
  5971 | D:6      | 5971 ||| Stepping randomly (stuck).
  5972 | D:6      | 5972 ||| Stepping randomly (stuck).
  5973 | D:6      | 5973 ||| Stepping randomly (stuck).
  5974 | D:6      | 5974 ||| Stepping randomly (stuck).
  5975 | D:6      | 5975 ||| Stepping randomly (stuck).
  5976 | D:6      | 5976 ||| Stepping randomly (stuck).
  5977 | D:6      | 5977 ||| Stepping randomly (stuck).
  5978 | D:6      | 5978 ||| Stepping randomly (stuck).
  5979 | D:6      | 5979 ||| Stepping randomly (stuck).
  5980 | D:6      | 5980 ||| Stepping randomly (stuck).
  5981 | D:6      | 5981 ||| Stepping randomly (stuck).
  5982 | D:6      | 5982 ||| Stepping randomly (stuck).
  5983 | D:6      | 5983 ||| Stepping randomly (stuck).
  5984 | D:6      | 5984 ||| Stepping randomly (stuck).
  5985 | D:6      | 5985 ||| Stepping randomly (stuck).
  5986 | D:6      | 5986 ||| Stepping randomly (stuck).
  5987 | D:6      | 5987 ||| Stepping randomly (stuck).
  5988 | D:6      | 5988 ||| Stepping randomly (stuck).
  5989 | D:6      | 5989 ||| Stepping randomly (stuck).
  5990 | D:6      | 5990 ||| Stepping randomly (stuck).
  5991 | D:6      | 5991 ||| Stepping randomly (stuck).
  5992 | D:6      | 5992 ||| Stepping randomly (stuck).
  5993 | D:6      | 5993 ||| Stepping randomly (stuck).
  5994 | D:6      | 5994 ||| Stepping randomly (stuck).
  5995 | D:6      | 5995 ||| Stepping randomly (stuck).
  5996 | D:6      | 5996 ||| Stepping randomly (stuck).
  5997 | D:6      | 5997 ||| Stepping randomly (stuck).
  5998 | D:6      | 5998 ||| Stepping randomly (stuck).
  5999 | D:6      | 5999 ||| Stepping randomly (stuck).
  6000 | D:6      | 6000 ||| Stepping randomly (stuck).
  6001 | D:6      | 6001 ||| Stepping randomly (stuck).
  6002 | D:6      | 6002 ||| Stepping randomly (stuck).
  6003 | D:6      | 6003 ||| Stepping randomly (stuck).
  6004 | D:6      | 6004 ||| Stepping randomly (stuck).
  6005 | D:6      | 6005 ||| Stepping randomly (stuck).
  6006 | D:6      | 6006 ||| Stepping randomly (stuck).
  6007 | D:6      | 6007 ||| Stepping randomly (stuck).
  6008 | D:6      | 6008 ||| Stepping randomly (stuck).
  6009 | D:6      | 6009 ||| Stepping randomly (stuck).
  6010 | D:6      | 6010 ||| Stepping randomly (stuck).
  6011 | D:6      | 6011 ||| Stepping randomly (stuck).
  6012 | D:6      | 6012 ||| Stepping randomly (stuck).
  6013 | D:6      | 6013 ||| Stepping randomly (stuck).
  6014 | D:6      | 6014 ||| Stepping randomly (stuck).
  6015 | D:6      | 6015 ||| Stepping randomly (stuck).
  6016 | D:6      | 6016 ||| Stepping randomly (stuck).
  6017 | D:6      | 6017 ||| Stepping randomly (stuck).
  6018 | D:6      | 6018 ||| Stepping randomly (stuck).
  6019 | D:6      | 6019 ||| Stepping randomly (stuck).
  6020 | D:6      | 6020 ||| Stepping randomly (stuck).
  6021 | D:6      | 6021 ||| Stepping randomly (stuck).
  6022 | D:6      | 6022 ||| Stepping randomly (stuck).
  6023 | D:6      | 6023 ||| Stepping randomly (stuck).
  6024 | D:6      | 6024 ||| Stepping randomly (stuck).
  6025 | D:6      | 6025 ||| Stepping randomly (stuck).
  6026 | D:6      | 6026 ||| Stepping randomly (stuck).
  6027 | D:6      | 6027 ||| Stepping randomly (stuck).
  6028 | D:6      | 6028 ||| Stepping randomly (stuck).
  6029 | D:6      | 6029 ||| Stepping randomly (stuck).
  6030 | D:6      | 6030 ||| Stepping randomly (stuck).
  6031 | D:6      | 6031 ||| Stepping randomly (stuck).
  6032 | D:6      | 6032 ||| Stepping randomly (stuck).
  6033 | D:6      | 6033 ||| Stepping randomly (stuck).
  6034 | D:6      | 6034 ||| Stepping randomly (stuck).
  6035 | D:6      | 6035 ||| Stepping randomly (stuck).
  6036 | D:6      | 6036 ||| Stepping randomly (stuck).
  6037 | D:6      | 6037 ||| Stepping randomly (stuck).
  6038 | D:6      | 6038 ||| Stepping randomly (stuck).
  6039 | D:6      | 6039 ||| Stepping randomly (stuck).
  6040 | D:6      | 6040 ||| Stepping randomly (stuck).
  6041 | D:6      | 6041 ||| Stepping randomly (stuck).
  6042 | D:6      | 6042 ||| Stepping randomly (stuck).
  6043 | D:6      | 6043 ||| Stepping randomly (stuck).
  6044 | D:6      | 6044 ||| Stepping randomly (stuck).
  6045 | D:6      | 6045 ||| Stepping randomly (stuck).
  6046 | D:6      | 6046 ||| Stepping randomly (stuck).
  6047 | D:6      | 6047 ||| Stepping randomly (stuck).
  6048 | D:6      | 6048 ||| Stepping randomly (stuck).
  6049 | D:6      | 6049 ||| Stepping randomly (stuck).
  6050 | D:6      | 6050 ||| Stepping randomly (stuck).
  6051 | D:6      | 6051 ||| Stepping randomly (stuck).
  6052 | D:6      | 6052 ||| Stepping randomly (stuck).
  6053 | D:6      | 6053 ||| Stepping randomly (stuck).
  6054 | D:6      | 6054 ||| Stepping randomly (stuck).
  6055 | D:6      | 6055 ||| Stepping randomly (stuck).
  6056 | D:6      | 6056 ||| Stepping randomly (stuck).
  6057 | D:6      | 6057 ||| Stepping randomly (stuck).
  6058 | D:6      | 6058 ||| Stepping randomly (stuck).
  6059 | D:6      | 6059 ||| Stepping randomly (stuck).
  6060 | D:6      | 6060 ||| Stepping randomly (stuck).
  6061 | D:6      | 6061 ||| Stepping randomly (stuck).
  6062 | D:6      | 6062 ||| Stepping randomly (stuck).
  6063 | D:6      | 6063 ||| Stepping randomly (stuck).
  6064 | D:6      | 6064 ||| Stepping randomly (stuck).
  6065 | D:6      | 6065 ||| Stepping randomly (stuck).
  6066 | D:6      | 6066 ||| Stepping randomly (stuck).
  6067 | D:6      | 6067 ||| Stepping randomly (stuck).
  6068 | D:6      | 6068 ||| Stepping randomly (stuck).
  6069 | D:6      | 6069 ||| Stepping randomly (stuck).
  6070 | D:6      | 6070 ||| Stepping randomly (stuck).
  6071 | D:6      | 6071 ||| Stepping randomly (stuck).
  6072 | D:6      | 6072 ||| Stepping randomly (stuck).
  6073 | D:6      | 6073 ||| Stepping randomly (stuck).
  6074 | D:6      | 6074 ||| Stepping randomly (stuck).
  6075 | D:6      | 6075 ||| Stepping randomly (stuck).
  6076 | D:6      | 6076 ||| Stepping randomly (stuck).
  6077 | D:6      | 6077 ||| Stepping randomly (stuck).
  6078 | D:6      | 6078 ||| Stepping randomly (stuck).
  6079 | D:6      | 6079 ||| Stepping randomly (stuck).
  6080 | D:6      | 6080 ||| Stepping randomly (stuck).
  6081 | D:6      | 6081 ||| Stepping randomly (stuck).
  6082 | D:6      | 6082 ||| Stepping randomly (stuck).
  6083 | D:6      | 6083 ||| Stepping randomly (stuck).
  6084 | D:6      | 6084 ||| Stepping randomly (stuck).
  6085 | D:6      | 6085 ||| Stepping randomly (stuck).
  6086 | D:6      | 6086 ||| Stepping randomly (stuck).
  6087 | D:6      | 6087 ||| Stepping randomly (stuck).
  6088 | D:6      | 6088 ||| Stepping randomly (stuck).
  6089 | D:6      | 6089 ||| Stepping randomly (stuck).
  6090 | D:6      | 6090 ||| Stepping randomly (stuck).
  6091 | D:6      | 6091 ||| Stepping randomly (stuck).
  6092 | D:6      | 6092 ||| Stepping randomly (stuck).
  6093 | D:6      | 6093 ||| Stepping randomly (stuck).
  6094 | D:6      | 6094 ||| Stepping randomly (stuck).
  6095 | D:6      | 6095 ||| Stepping randomly (stuck).
  6096 | D:6      | 6096 ||| Stepping randomly (stuck).
  6097 | D:6      | 6097 ||| Stepping randomly (stuck).
  6098 | D:6      | 6098 ||| Stepping randomly (stuck).
  6099 | D:6      | 6099 ||| Stepping randomly (stuck).
  6100 | D:6      | 6100 ||| Stepping randomly (stuck).
  6101 | D:6      | 6101 ||| Stepping randomly (stuck).
  6102 | D:6      | 6102 ||| Stepping randomly (stuck).
  6103 | D:6      | 6103 ||| Stepping randomly (stuck).
  6104 | D:6      | 6104 ||| Stepping randomly (stuck).
  6105 | D:6      | 6105 ||| Stepping randomly (stuck).
  6106 | D:6      | 6106 ||| Stepping randomly (stuck).
  6107 | D:6      | 6107 ||| Stepping randomly (stuck).
  6108 | D:6      | 6108 ||| Stepping randomly (stuck).
  6109 | D:6      | 6109 ||| Stepping randomly (stuck).
  6110 | D:6      | 6110 ||| Stepping randomly (stuck).
  6111 | D:6      | 6111 ||| Stepping randomly (stuck).
  6112 | D:6      | 6112 ||| Stepping randomly (stuck).
  6113 | D:6      | 6113 ||| Stepping randomly (stuck).
  6114 | D:6      | 6114 ||| Stepping randomly (stuck).
  6115 | D:6      | 6115 ||| Stepping randomly (stuck).
  6116 | D:6      | 6116 ||| Stepping randomly (stuck).
  6117 | D:6      | 6117 ||| Stepping randomly (stuck).
  6118 | D:6      | 6118 ||| Stepping randomly (stuck).
  6119 | D:6      | 6119 ||| Stepping randomly (stuck).
  6120 | D:6      | 6120 ||| Stepping randomly (stuck).
  6121 | D:6      | 6121 ||| Stepping randomly (stuck).
  6122 | D:6      | 6122 ||| Stepping randomly (stuck).
  6123 | D:6      | 6123 ||| Stepping randomly (stuck).
  6124 | D:6      | 6124 ||| Stepping randomly (stuck).
  6125 | D:6      | 6125 ||| Stepping randomly (stuck).
  6126 | D:6      | 6126 ||| Stepping randomly (stuck).
  6127 | D:6      | 6127 ||| Stepping randomly (stuck).
  6128 | D:6      | 6128 ||| Stepping randomly (stuck).
  6129 | D:6      | 6129 ||| Stepping randomly (stuck).
  6130 | D:6      | 6130 ||| Stepping randomly (stuck).
  6131 | D:6      | 6131 ||| Stepping randomly (stuck).
  6132 | D:6      | 6132 ||| Stepping randomly (stuck).
  6133 | D:6      | 6133 ||| Stepping randomly (stuck).
  6134 | D:6      | 6134 ||| Stepping randomly (stuck).
  6135 | D:6      | 6135 ||| Stepping randomly (stuck).
  6136 | D:6      | 6136 ||| Stepping randomly (stuck).
  6137 | D:6      | 6137 ||| Stepping randomly (stuck).
  6138 | D:6      | 6138 ||| Stepping randomly (stuck).
  6139 | D:6      | 6139 ||| Stepping randomly (stuck).
  6140 | D:6      | 6140 ||| Stepping randomly (stuck).
  6141 | D:6      | 6141 ||| Stepping randomly (stuck).
  6142 | D:6      | 6142 ||| Stepping randomly (stuck).
  6143 | D:6      | 6143 ||| Stepping randomly (stuck).
  6144 | D:6      | 6144 ||| Stepping randomly (stuck).
  6145 | D:6      | 6145 ||| Stepping randomly (stuck).
  6146 | D:6      | 6146 ||| Stepping randomly (stuck).
  6147 | D:6      | 6147 ||| Stepping randomly (stuck).
  6148 | D:6      | 6148 ||| Stepping randomly (stuck).
  6149 | D:6      | 6149 ||| Stepping randomly (stuck).
  6150 | D:6      | 6150 ||| Stepping randomly (stuck).
  6151 | D:6      | 6151 ||| Stepping randomly (stuck).
  6152 | D:6      | 6152 ||| Stepping randomly (stuck).
  6153 | D:6      | 6153 ||| Stepping randomly (stuck).
  6154 | D:6      | 6154 ||| Stepping randomly (stuck).
  6155 | D:6      | 6155 ||| Stepping randomly (stuck).
  6156 | D:6      | 6156 ||| Stepping randomly (stuck).
  6157 | D:6      | 6157 ||| Stepping randomly (stuck).
  6158 | D:6      | 6158 ||| Stepping randomly (stuck).
  6159 | D:6      | 6159 ||| Stepping randomly (stuck).
  6160 | D:6      | 6160 ||| Stepping randomly (stuck).
  6161 | D:6      | 6161 ||| Stepping randomly (stuck).
  6162 | D:6      | 6162 ||| Stepping randomly (stuck).
  6163 | D:6      | 6163 ||| Stepping randomly (stuck).
  6164 | D:6      | 6164 ||| Stepping randomly (stuck).
  6165 | D:6      | 6165 ||| Stepping randomly (stuck).
  6166 | D:6      | 6166 ||| Stepping randomly (stuck).
  6167 | D:6      | 6167 ||| Stepping randomly (stuck).
  6168 | D:6      | 6168 ||| Stepping randomly (stuck).
  6169 | D:6      | 6169 ||| Stepping randomly (stuck).
  6170 | D:6      | 6170 ||| Stepping randomly (stuck).
  6171 | D:6      | 6171 ||| Stepping randomly (stuck).
  6172 | D:6      | 6172 ||| Stepping randomly (stuck).
  6173 | D:6      | 6173 ||| Stepping randomly (stuck).
  6174 | D:6      | 6174 ||| Stepping randomly (stuck).
  6175 | D:6      | 6175 ||| Stepping randomly (stuck).
  6176 | D:6      | 6176 ||| Stepping randomly (stuck).
  6177 | D:6      | 6177 ||| Stepping randomly (stuck).
  6178 | D:6      | 6178 ||| Stepping randomly (stuck).
  6179 | D:6      | 6179 ||| Stepping randomly (stuck).
  6180 | D:6      | 6180 ||| Stepping randomly (stuck).
  6181 | D:6      | 6181 ||| Stepping randomly (stuck).
  6182 | D:6      | 6182 ||| Stepping randomly (stuck).
  6183 | D:6      | 6183 ||| Stepping randomly (stuck).
  6184 | D:6      | 6184 ||| Stepping randomly (stuck).
  6185 | D:6      | 6185 ||| Stepping randomly (stuck).
  6186 | D:6      | 6186 ||| Stepping randomly (stuck).
  6187 | D:6      | 6187 ||| Stepping randomly (stuck).
  6188 | D:6      | 6188 ||| Stepping randomly (stuck).
  6189 | D:6      | 6189 ||| Stepping randomly (stuck).
  6190 | D:6      | 6190 ||| Stepping randomly (stuck).
  6191 | D:6      | 6191 ||| Stepping randomly (stuck).
  6192 | D:6      | 6192 ||| Stepping randomly (stuck).
  6193 | D:6      | 6193 ||| Stepping randomly (stuck).
  6194 | D:6      | 6194 ||| Stepping randomly (stuck).
  6195 | D:6      | 6195 ||| Stepping randomly (stuck).
  6196 | D:6      | 6196 ||| Stepping randomly (stuck).
  6197 | D:6      | 6197 ||| Stepping randomly (stuck).
  6198 | D:6      | 6198 ||| Stepping randomly (stuck).
  6199 | D:6      | 6199 ||| Stepping randomly (stuck).
  6200 | D:6      | 6200 ||| Stepping randomly (stuck).
  6201 | D:6      | 6201 ||| Stepping randomly (stuck).
  6202 | D:6      | 6202 ||| Stepping randomly (stuck).
  6203 | D:6      | 6203 ||| Stepping randomly (stuck).
  6204 | D:6      | 6204 ||| Stepping randomly (stuck).
  6205 | D:6      | 6205 ||| Stepping randomly (stuck).
  6206 | D:6      | 6206 ||| Stepping randomly (stuck).
  6207 | D:6      | 6207 ||| Stepping randomly (stuck).
  6208 | D:6      | 6208 ||| Stepping randomly (stuck).
  6209 | D:6      | 6209 ||| Stepping randomly (stuck).
  6210 | D:6      | 6210 ||| Stepping randomly (stuck).
  6211 | D:6      | 6211 ||| Stepping randomly (stuck).
  6212 | D:6      | 6212 ||| Stepping randomly (stuck).
  6213 | D:6      | 6213 ||| Stepping randomly (stuck).
  6214 | D:6      | 6214 ||| Stepping randomly (stuck).
  6215 | D:6      | 6215 ||| Stepping randomly (stuck).
  6216 | D:6      | 6216 ||| Stepping randomly (stuck).
  6217 | D:6      | 6217 ||| Stepping randomly (stuck).
  6218 | D:6      | 6218 ||| Stepping randomly (stuck).
  6219 | D:6      | 6219 ||| Stepping randomly (stuck).
  6220 | D:6      | 6220 ||| Stepping randomly (stuck).
  6221 | D:6      | 6221 ||| Stepping randomly (stuck).
  6222 | D:6      | 6222 ||| Stepping randomly (stuck).
  6223 | D:6      | 6223 ||| Stepping randomly (stuck).
  6224 | D:6      | 6224 ||| Stepping randomly (stuck).
  6225 | D:6      | 6225 ||| Stepping randomly (stuck).
  6226 | D:6      | 6226 ||| Stepping randomly (stuck).
  6227 | D:6      | 6227 ||| Stepping randomly (stuck).
  6228 | D:6      | 6228 ||| Stepping randomly (stuck).
  6229 | D:6      | 6229 ||| Stepping randomly (stuck).
  6230 | D:6      | 6230 ||| Stepping randomly (stuck).
  6231 | D:6      | 6231 ||| Stepping randomly (stuck).
  6232 | D:6      | 6232 ||| Stepping randomly (stuck).
  6233 | D:6      | 6233 ||| Stepping randomly (stuck).
  6234 | D:6      | 6234 ||| Stepping randomly (stuck).
  6235 | D:6      | 6235 ||| Stepping randomly (stuck).
  6236 | D:6      | 6236 ||| Stepping randomly (stuck).
  6237 | D:6      | 6237 ||| Stepping randomly (stuck).
  6238 | D:6      | 6238 ||| Stepping randomly (stuck).
  6239 | D:6      | 6239 ||| Stepping randomly (stuck).
  6240 | D:6      | 6240 ||| Stepping randomly (stuck).
  6241 | D:6      | 6241 ||| Stepping randomly (stuck).
  6242 | D:6      | 6242 ||| Stepping randomly (stuck).
  6243 | D:6      | 6243 ||| Stepping randomly (stuck).
  6244 | D:6      | 6244 ||| Stepping randomly (stuck).
  6245 | D:6      | 6245 ||| Stepping randomly (stuck).
  6246 | D:6      | 6246 ||| Stepping randomly (stuck).
  6247 | D:6      | 6247 ||| Stepping randomly (stuck).
  6248 | D:6      | 6248 ||| Stepping randomly (stuck).
  6249 | D:6      | 6249 ||| Stepping randomly (stuck).
  6250 | D:6      | 6250 ||| Stepping randomly (stuck).
  6251 | D:6      | 6251 ||| Stepping randomly (stuck).
  6252 | D:6      | 6252 ||| Stepping randomly (stuck).
  6253 | D:6      | 6253 ||| Stepping randomly (stuck).
  6254 | D:6      | 6254 ||| Stepping randomly (stuck).
  6255 | D:6      | 6255 ||| Stepping randomly (stuck).
  6256 | D:6      | 6256 ||| Stepping randomly (stuck).
  6257 | D:6      | 6257 ||| Stepping randomly (stuck).
  6258 | D:6      | 6258 ||| Stepping randomly (stuck).
  6259 | D:6      | 6259 ||| Stepping randomly (stuck).
  6260 | D:6      | 6260 ||| Stepping randomly (stuck).
  6261 | D:6      | 6261 ||| Stepping randomly (stuck).
  6262 | D:6      | 6262 ||| Stepping randomly (stuck).
  6263 | D:6      | 6263 ||| Stepping randomly (stuck).
  6264 | D:6      | 6264 ||| Stepping randomly (stuck).
  6265 | D:6      | 6265 ||| Stepping randomly (stuck).
  6266 | D:6      | 6266 ||| Stepping randomly (stuck).
  6267 | D:6      | 6267 ||| Stepping randomly (stuck).
  6268 | D:6      | 6268 ||| Stepping randomly (stuck).
  6269 | D:6      | 6269 ||| Stepping randomly (stuck).
  6270 | D:6      | 6270 ||| Stepping randomly (stuck).
  6271 | D:6      | 6271 ||| Stepping randomly (stuck).
  6272 | D:6      | 6272 ||| Stepping randomly (stuck).
  6273 | D:6      | 6273 ||| Stepping randomly (stuck).
  6274 | D:6      | 6274 ||| Stepping randomly (stuck).
  6275 | D:6      | 6275 ||| Stepping randomly (stuck).
  6276 | D:6      | 6276 ||| Stepping randomly (stuck).
  6277 | D:6      | 6277 ||| Stepping randomly (stuck).
  6278 | D:6      | 6278 ||| Stepping randomly (stuck).
  6279 | D:6      | 6279 ||| Stepping randomly (stuck).
  6280 | D:6      | 6280 ||| Stepping randomly (stuck).
  6281 | D:6      | 6281 ||| Stepping randomly (stuck).
  6282 | D:6      | 6282 ||| Stepping randomly (stuck).
  6283 | D:6      | 6283 ||| Stepping randomly (stuck).
  6284 | D:6      | 6284 ||| Stepping randomly (stuck).
  6285 | D:6      | 6285 ||| Stepping randomly (stuck).
  6286 | D:6      | 6286 ||| Stepping randomly (stuck).
  6287 | D:6      | 6287 ||| Stepping randomly (stuck).
  6288 | D:6      | 6288 ||| Stepping randomly (stuck).
  6289 | D:6      | 6289 ||| Stepping randomly (stuck).
  6290 | D:6      | 6290 ||| Stepping randomly (stuck).
  6291 | D:6      | 6291 ||| Stepping randomly (stuck).
  6292 | D:6      | 6292 ||| Stepping randomly (stuck).
  6293 | D:6      | 6293 ||| Stepping randomly (stuck).
  6294 | D:6      | 6294 ||| Stepping randomly (stuck).
  6295 | D:6      | 6295 ||| Stepping randomly (stuck).
  6296 | D:6      | 6296 ||| Stepping randomly (stuck).
  6297 | D:6      | 6297 ||| Stepping randomly (stuck).
  6298 | D:6      | 6298 ||| Stepping randomly (stuck).
  6299 | D:6      | 6299 ||| Stepping randomly (stuck).
  6300 | D:6      | 6300 ||| Stepping randomly (stuck).
  6301 | D:6      | 6301 ||| Stepping randomly (stuck).
  6302 | D:6      | 6302 ||| Stepping randomly (stuck).
  6303 | D:6      | 6303 ||| Stepping randomly (stuck).
  6304 | D:6      | 6304 ||| Stepping randomly (stuck).
  6305 | D:6      | 6305 ||| Stepping randomly (stuck).
  6306 | D:6      | 6306 ||| Stepping randomly (stuck).
  6307 | D:6      | 6307 ||| Stepping randomly (stuck).
  6308 | D:6      | 6308 ||| Stepping randomly (stuck).
  6309 | D:6      | 6309 ||| Stepping randomly (stuck).
  6310 | D:6      | 6310 ||| Stepping randomly (stuck).
  6311 | D:6      | 6311 ||| Stepping randomly (stuck).
  6312 | D:6      | 6312 ||| Stepping randomly (stuck).
  6313 | D:6      | 6313 ||| Stepping randomly (stuck).
  6314 | D:6      | 6314 ||| Stepping randomly (stuck).
  6315 | D:6      | 6315 ||| Stepping randomly (stuck).
  6316 | D:6      | 6316 ||| Stepping randomly (stuck).
  6317 | D:6      | 6317 ||| Stepping randomly (stuck).
  6318 | D:6      | 6318 ||| Stepping randomly (stuck).
  6319 | D:6      | 6319 ||| Stepping randomly (stuck).
  6320 | D:6      | 6320 ||| Stepping randomly (stuck).
  6321 | D:6      | 6321 ||| Stepping randomly (stuck).
  6322 | D:6      | 6322 ||| Stepping randomly (stuck).
  6323 | D:6      | 6323 ||| Stepping randomly (stuck).
  6324 | D:6      | 6324 ||| Stepping randomly (stuck).
  6325 | D:6      | 6325 ||| Stepping randomly (stuck).
  6326 | D:6      | 6326 ||| Stepping randomly (stuck).
  6327 | D:6      | 6327 ||| Stepping randomly (stuck).
  6328 | D:6      | 6328 ||| Stepping randomly (stuck).
  6329 | D:6      | 6329 ||| Stepping randomly (stuck).
  6330 | D:6      | 6330 ||| Stepping randomly (stuck).
  6331 | D:6      | 6331 ||| Stepping randomly (stuck).
  6332 | D:6      | 6332 ||| Stepping randomly (stuck).
  6333 | D:6      | 6333 ||| Stepping randomly (stuck).
  6334 | D:6      | 6334 ||| Stepping randomly (stuck).
  6335 | D:6      | 6335 ||| Stepping randomly (stuck).
  6336 | D:6      | 6336 ||| Stepping randomly (stuck).
  6337 | D:6      | 6337 ||| Stepping randomly (stuck).
  6338 | D:6      | 6338 ||| Stepping randomly (stuck).
  6339 | D:6      | 6339 ||| Stepping randomly (stuck).
  6340 | D:6      | 6340 ||| Stepping randomly (stuck).
  6341 | D:6      | 6341 ||| Stepping randomly (stuck).
  6342 | D:6      | 6342 ||| Stepping randomly (stuck).
  6343 | D:6      | 6343 ||| Stepping randomly (stuck).
  6344 | D:6      | 6344 ||| Stepping randomly (stuck).
  6345 | D:6      | 6345 ||| Stepping randomly (stuck).
  6346 | D:6      | 6346 ||| Stepping randomly (stuck).
  6347 | D:6      | 6347 ||| Stepping randomly (stuck).
  6348 | D:6      | 6348 ||| Stepping randomly (stuck).
  6349 | D:6      | 6349 ||| Stepping randomly (stuck).
  6350 | D:6      | 6350 ||| Stepping randomly (stuck).
  6351 | D:6      | 6351 ||| Stepping randomly (stuck).
  6352 | D:6      | 6352 ||| Stepping randomly (stuck).
  6353 | D:6      | 6353 ||| Stepping randomly (stuck).
  6354 | D:6      | 6354 ||| Stepping randomly (stuck).
  6355 | D:6      | 6355 ||| Stepping randomly (stuck).
  6356 | D:6      | 6356 ||| Stepping randomly (stuck).
  6357 | D:6      | 6357 ||| Stepping randomly (stuck).
  6358 | D:6      | 6358 ||| Stepping randomly (stuck).
  6359 | D:6      | 6359 ||| Stepping randomly (stuck).
  6360 | D:6      | 6360 ||| Stepping randomly (stuck).
  6361 | D:6      | 6361 ||| Stepping randomly (stuck).
  6362 | D:6      | 6362 ||| Stepping randomly (stuck).
  6363 | D:6      | 6363 ||| Stepping randomly (stuck).
  6364 | D:6      | 6364 ||| Stepping randomly (stuck).
  6365 | D:6      | 6365 ||| Stepping randomly (stuck).
  6366 | D:6      | 6366 ||| Stepping randomly (stuck).
  6367 | D:6      | 6367 ||| Stepping randomly (stuck).
  6368 | D:6      | 6368 ||| Stepping randomly (stuck).
  6369 | D:6      | 6369 ||| Stepping randomly (stuck).
  6370 | D:6      | 6370 ||| Stepping randomly (stuck).
  6371 | D:6      | 6371 ||| Stepping randomly (stuck).
  6372 | D:6      | 6372 ||| Stepping randomly (stuck).
  6373 | D:6      | 6373 ||| Stepping randomly (stuck).
  6374 | D:6      | 6374 ||| Stepping randomly (stuck).
  6375 | D:6      | 6375 ||| Stepping randomly (stuck).
  6376 | D:6      | 6376 ||| Stepping randomly (stuck).
  6377 | D:6      | 6377 ||| Stepping randomly (stuck).
  6378 | D:6      | 6378 ||| Stepping randomly (stuck).
  6379 | D:6      | 6379 ||| Stepping randomly (stuck).
  6380 | D:6      | 6380 ||| Stepping randomly (stuck).
  6381 | D:6      | 6381 ||| Stepping randomly (stuck).
  6382 | D:6      | 6382 ||| Stepping randomly (stuck).
  6383 | D:6      | 6383 ||| Stepping randomly (stuck).
  6384 | D:6      | 6384 ||| Stepping randomly (stuck).
  6385 | D:6      | 6385 ||| Stepping randomly (stuck).
  6386 | D:6      | 6386 ||| Stepping randomly (stuck).
  6387 | D:6      | 6387 ||| Stepping randomly (stuck).
  6388 | D:6      | 6388 ||| Stepping randomly (stuck).
  6389 | D:6      | 6389 ||| Stepping randomly (stuck).
  6390 | D:6      | 6390 ||| Stepping randomly (stuck).
  6391 | D:6      | 6391 ||| Stepping randomly (stuck).
  6392 | D:6      | 6392 ||| Stepping randomly (stuck).
  6393 | D:6      | 6393 ||| Stepping randomly (stuck).
  6394 | D:6      | 6394 ||| Stepping randomly (stuck).
  6395 | D:6      | 6395 ||| Stepping randomly (stuck).
  6396 | D:6      | 6396 ||| Stepping randomly (stuck).
  6397 | D:6      | 6397 ||| Stepping randomly (stuck).
  6398 | D:6      | 6398 ||| Stepping randomly (stuck).
  6399 | D:6      | 6399 ||| Stepping randomly (stuck).
  6400 | D:6      | 6400 ||| Stepping randomly (stuck).
  6401 | D:6      | 6401 ||| Stepping randomly (stuck).
  6402 | D:6      | 6402 ||| Stepping randomly (stuck).
  6403 | D:6      | 6403 ||| Stepping randomly (stuck).
  6404 | D:6      | 6404 ||| Stepping randomly (stuck).
  6405 | D:6      | 6405 ||| Stepping randomly (stuck).
  6406 | D:6      | 6406 ||| Stepping randomly (stuck).
  6407 | D:6      | 6407 ||| Stepping randomly (stuck).
  6408 | D:6      | 6408 ||| Stepping randomly (stuck).
  6409 | D:6      | 6409 ||| Stepping randomly (stuck).
  6410 | D:6      | 6410 ||| Stepping randomly (stuck).
  6411 | D:6      | 6411 ||| Stepping randomly (stuck).
  6412 | D:6      | 6412 ||| Stepping randomly (stuck).
  6413 | D:6      | 6413 ||| Stepping randomly (stuck).
  6414 | D:6      | 6414 ||| Stepping randomly (stuck).
  6415 | D:6      | 6415 ||| Stepping randomly (stuck).
  6416 | D:6      | 6416 ||| Stepping randomly (stuck).
  6417 | D:6      | 6417 ||| Stepping randomly (stuck).
  6418 | D:6      | 6418 ||| Stepping randomly (stuck).
  6419 | D:6      | 6419 ||| Stepping randomly (stuck).
  6420 | D:6      | 6420 ||| Stepping randomly (stuck).
  6421 | D:6      | 6421 ||| Stepping randomly (stuck).
  6422 | D:6      | 6422 ||| Stepping randomly (stuck).
  6423 | D:6      | 6423 ||| Stepping randomly (stuck).
  6424 | D:6      | 6424 ||| Stepping randomly (stuck).
  6425 | D:6      | 6425 ||| Stepping randomly (stuck).
  6426 | D:6      | 6426 ||| Stepping randomly (stuck).
  6427 | D:6      | 6427 ||| Stepping randomly (stuck).
  6428 | D:6      | 6428 ||| Stepping randomly (stuck).
  6429 | D:6      | 6429 ||| Stepping randomly (stuck).
  6430 | D:6      | 6430 ||| Stepping randomly (stuck).
  6431 | D:6      | 6431 ||| Stepping randomly (stuck).
  6432 | D:6      | 6432 ||| Stepping randomly (stuck).
  6433 | D:6      | 6433 ||| Stepping randomly (stuck).
  6434 | D:6      | 6434 ||| Stepping randomly (stuck).
  6435 | D:6      | 6435 ||| Stepping randomly (stuck).
  6436 | D:6      | 6436 ||| Stepping randomly (stuck).
  6437 | D:6      | 6437 ||| Stepping randomly (stuck).
  6438 | D:6      | 6438 ||| Stepping randomly (stuck).
  6439 | D:6      | 6439 ||| Stepping randomly (stuck).
  6440 | D:6      | 6440 ||| Stepping randomly (stuck).
  6441 | D:6      | 6441 ||| Stepping randomly (stuck).
  6442 | D:6      | 6442 ||| Stepping randomly (stuck).
  6443 | D:6      | 6443 ||| Stepping randomly (stuck).
  6444 | D:6      | 6444 ||| Stepping randomly (stuck).
  6445 | D:6      | 6445 ||| Stepping randomly (stuck).
  6446 | D:6      | 6446 ||| Stepping randomly (stuck).
  6447 | D:6      | 6447 ||| Stepping randomly (stuck).
  6448 | D:6      | 6448 ||| Stepping randomly (stuck).
  6449 | D:6      | 6449 ||| Stepping randomly (stuck).
  6450 | D:6      | 6450 ||| Stepping randomly (stuck).
  6451 | D:6      | 6451 ||| Stepping randomly (stuck).
  6452 | D:6      | 6452 ||| Stepping randomly (stuck).
  6453 | D:6      | 6453 ||| Stepping randomly (stuck).
  6454 | D:6      | 6454 ||| Stepping randomly (stuck).
  6455 | D:6      | 6455 ||| Stepping randomly (stuck).
  6456 | D:6      | 6456 ||| Stepping randomly (stuck).
  6457 | D:6      | 6457 ||| Stepping randomly (stuck).
  6458 | D:6      | 6458 ||| Stepping randomly (stuck).
  6459 | D:6      | 6459 ||| Stepping randomly (stuck).
  6460 | D:6      | 6460 ||| Stepping randomly (stuck).
  6461 | D:6      | 6461 ||| Stepping randomly (stuck).
  6462 | D:6      | 6462 ||| Stepping randomly (stuck).
  6463 | D:6      | 6463 ||| Stepping randomly (stuck).
  6464 | D:6      | 6464 ||| Stepping randomly (stuck).
  6465 | D:6      | 6465 ||| Stepping randomly (stuck).
  6466 | D:6      | 6466 ||| Stepping randomly (stuck).
  6467 | D:6      | 6467 ||| Stepping randomly (stuck).
  6468 | D:6      | 6468 ||| Stepping randomly (stuck).
  6469 | D:6      | 6469 ||| Stepping randomly (stuck).
  6470 | D:6      | 6470 ||| Stepping randomly (stuck).
  6471 | D:6      | 6471 ||| Stepping randomly (stuck).
  6472 | D:6      | 6472 ||| Stepping randomly (stuck).
  6473 | D:6      | 6473 ||| Stepping randomly (stuck).
  6474 | D:6      | 6474 ||| Stepping randomly (stuck).
  6475 | D:6      | 6475 ||| Stepping randomly (stuck).
  6476 | D:6      | 6476 ||| Stepping randomly (stuck).
  6477 | D:6      | 6477 ||| Stepping randomly (stuck).
  6478 | D:6      | 6478 ||| Stepping randomly (stuck).
  6479 | D:6      | 6479 ||| Stepping randomly (stuck).
  6480 | D:6      | 6480 ||| Stepping randomly (stuck).
  6481 | D:6      | 6481 ||| Stepping randomly (stuck).
  6482 | D:6      | 6482 ||| Stepping randomly (stuck).
  6483 | D:6      | 6483 ||| Stepping randomly (stuck).
  6484 | D:6      | 6484 ||| Stepping randomly (stuck).
  6485 | D:6      | 6485 ||| Stepping randomly (stuck).
  6486 | D:6      | 6486 ||| Stepping randomly (stuck).
  6487 | D:6      | 6487 ||| Stepping randomly (stuck).
  6488 | D:6      | 6488 ||| Stepping randomly (stuck).
  6489 | D:6      | 6489 ||| Stepping randomly (stuck).
  6490 | D:6      | 6490 ||| Stepping randomly (stuck).
  6491 | D:6      | 6491 ||| Stepping randomly (stuck).
  6492 | D:6      | 6492 ||| Stepping randomly (stuck).
  6493 | D:6      | 6493 ||| Stepping randomly (stuck).
  6494 | D:6      | 6494 ||| Stepping randomly (stuck).
  6495 | D:6      | 6495 ||| Stepping randomly (stuck).
  6496 | D:6      | 6496 ||| Stepping randomly (stuck).
  6497 | D:6      | 6497 ||| Stepping randomly (stuck).
  6498 | D:6      | 6498 ||| Stepping randomly (stuck).
  6499 | D:6      | 6499 ||| Stepping randomly (stuck).
  6500 | D:6      | 6500 ||| Stepping randomly (stuck).
  6501 | D:6      | 6501 ||| Stepping randomly (stuck).
  6502 | D:6      | 6502 ||| Stepping randomly (stuck).
  6503 | D:6      | 6503 ||| Stepping randomly (stuck).
  6504 | D:6      | 6504 ||| Stepping randomly (stuck).
  6505 | D:6      | 6505 ||| Stepping randomly (stuck).
  6506 | D:6      | 6506 ||| Stepping randomly (stuck).
  6507 | D:6      | 6507 ||| Stepping randomly (stuck).
  6508 | D:6      | 6508 ||| Stepping randomly (stuck).
  6509 | D:6      | 6509 ||| Stepping randomly (stuck).
  6510 | D:6      | 6510 ||| Stepping randomly (stuck).
  6511 | D:6      | 6511 ||| Stepping randomly (stuck).
  6512 | D:6      | 6512 ||| Stepping randomly (stuck).
  6513 | D:6      | 6513 ||| Stepping randomly (stuck).
  6514 | D:6      | 6514 ||| Stepping randomly (stuck).
  6515 | D:6      | 6515 ||| Stepping randomly (stuck).
  6516 | D:6      | 6516 ||| Stepping randomly (stuck).
  6517 | D:6      | 6517 ||| Stepping randomly (stuck).
  6518 | D:6      | 6518 ||| Stepping randomly (stuck).
  6519 | D:6      | 6519 ||| Stepping randomly (stuck).
  6520 | D:6      | 6520 ||| Stepping randomly (stuck).
  6521 | D:6      | 6521 ||| Stepping randomly (stuck).
  6522 | D:6      | 6522 ||| Stepping randomly (stuck).
  6523 | D:6      | 6523 ||| Stepping randomly (stuck).
  6524 | D:6      | 6524 ||| Stepping randomly (stuck).
  6525 | D:6      | 6525 ||| Stepping randomly (stuck).
  6526 | D:6      | 6526 ||| Stepping randomly (stuck).
  6527 | D:6      | 6527 ||| Stepping randomly (stuck).
  6528 | D:6      | 6528 ||| Stepping randomly (stuck).
  6529 | D:6      | 6529 ||| Stepping randomly (stuck).
  6530 | D:6      | 6530 ||| Stepping randomly (stuck).
  6531 | D:6      | 6531 ||| Stepping randomly (stuck).
  6532 | D:6      | 6532 ||| Stepping randomly (stuck).
  6533 | D:6      | 6533 ||| Stepping randomly (stuck).
  6534 | D:6      | 6534 ||| Stepping randomly (stuck).
  6535 | D:6      | 6535 ||| Stepping randomly (stuck).
  6536 | D:6      | 6536 ||| Stepping randomly (stuck).
  6537 | D:6      | 6537 ||| Stepping randomly (stuck).
  6538 | D:6      | 6538 ||| Stepping randomly (stuck).
  6539 | D:6      | 6539 ||| Stepping randomly (stuck).
  6540 | D:6      | 6540 ||| Stepping randomly (stuck).
  6541 | D:6      | 6541 ||| Stepping randomly (stuck).
  6542 | D:6      | 6542 ||| Stepping randomly (stuck).
  6543 | D:6      | 6543 ||| Stepping randomly (stuck).
  6544 | D:6      | 6544 ||| Stepping randomly (stuck).
  6545 | D:6      | 6545 ||| Stepping randomly (stuck).
  6546 | D:6      | 6546 ||| Stepping randomly (stuck).
  6547 | D:6      | 6547 ||| Stepping randomly (stuck).
  6548 | D:6      | 6548 ||| Stepping randomly (stuck).
  6549 | D:6      | 6549 ||| Stepping randomly (stuck).
  6550 | D:6      | 6550 ||| Stepping randomly (stuck).
  6551 | D:6      | 6551 ||| Stepping randomly (stuck).
  6552 | D:6      | 6552 ||| Stepping randomly (stuck).
  6553 | D:6      | 6553 ||| Stepping randomly (stuck).
  6554 | D:6      | 6554 ||| Stepping randomly (stuck).
  6555 | D:6      | 6555 ||| Stepping randomly (stuck).
  6556 | D:6      | 6556 ||| Stepping randomly (stuck).
  6557 | D:6      | 6557 ||| Stepping randomly (stuck).
  6558 | D:6      | 6558 ||| Stepping randomly (stuck).
  6559 | D:6      | 6559 ||| Stepping randomly (stuck).
  6560 | D:6      | 6560 ||| Stepping randomly (stuck).
  6561 | D:6      | 6561 ||| Stepping randomly (stuck).
  6562 | D:6      | 6562 ||| Stepping randomly (stuck).
  6563 | D:6      | 6563 ||| Stepping randomly (stuck).
  6564 | D:6      | 6564 ||| Stepping randomly (stuck).
  6565 | D:6      | 6565 ||| Stepping randomly (stuck).
  6566 | D:6      | 6566 ||| Stepping randomly (stuck).
  6567 | D:6      | 6567 ||| Stepping randomly (stuck).
  6568 | D:6      | 6568 ||| Stepping randomly (stuck).
  6569 | D:6      | 6569 ||| Stepping randomly (stuck).
  6570 | D:6      | 6570 ||| Stepping randomly (stuck).
  6571 | D:6      | 6571 ||| Stepping randomly (stuck).
  6572 | D:6      | 6572 ||| Stepping randomly (stuck).
  6573 | D:6      | 6573 ||| Stepping randomly (stuck).
  6574 | D:6      | 6574 ||| Stepping randomly (stuck).
  6575 | D:6      | 6575 ||| Stepping randomly (stuck).
  6576 | D:6      | 6576 ||| Stepping randomly (stuck).
  6577 | D:6      | 6577 ||| Stepping randomly (stuck).
  6578 | D:6      | 6578 ||| Stepping randomly (stuck).
  6579 | D:6      | 6579 ||| Stepping randomly (stuck).
  6580 | D:6      | 6580 ||| Stepping randomly (stuck).
  6581 | D:6      | 6581 ||| Stepping randomly (stuck).
  6582 | D:6      | 6582 ||| Stepping randomly (stuck).
  6583 | D:6      | 6583 ||| Stepping randomly (stuck).
  6584 | D:6      | 6584 ||| Stepping randomly (stuck).
  6585 | D:6      | 6585 ||| Stepping randomly (stuck).
  6586 | D:6      | 6586 ||| Stepping randomly (stuck).
  6587 | D:6      | 6587 ||| Stepping randomly (stuck).
  6588 | D:6      | 6588 ||| Stepping randomly (stuck).
  6589 | D:6      | 6589 ||| Stepping randomly (stuck).
  6590 | D:6      | 6590 ||| Stepping randomly (stuck).
  6591 | D:6      | 6591 ||| Stepping randomly (stuck).
  6592 | D:6      | 6592 ||| Stepping randomly (stuck).
  6593 | D:6      | 6593 ||| Stepping randomly (stuck).
  6594 | D:6      | 6594 ||| Stepping randomly (stuck).
  6595 | D:6      | 6595 ||| Stepping randomly (stuck).
  6596 | D:6      | 6596 ||| Stepping randomly (stuck).
  6597 | D:6      | 6597 ||| Stepping randomly (stuck).
  6598 | D:6      | 6598 ||| Stepping randomly (stuck).
  6599 | D:6      | 6599 ||| Stepping randomly (stuck).
  6600 | D:6      | 6600 ||| Stepping randomly (stuck).
  6601 | D:6      | 6601 ||| Stepping randomly (stuck).
  6602 | D:6      | 6602 ||| Stepping randomly (stuck).
  6603 | D:6      | 6603 ||| Stepping randomly (stuck).
  6604 | D:6      | 6604 ||| Stepping randomly (stuck).
  6605 | D:6      | 6605 ||| Stepping randomly (stuck).
  6606 | D:6      | 6606 ||| Stepping randomly (stuck).
  6607 | D:6      | 6607 ||| Stepping randomly (stuck).
  6608 | D:6      | 6608 ||| Stepping randomly (stuck).
  6609 | D:6      | 6609 ||| Stepping randomly (stuck).
  6610 | D:6      | 6610 ||| Stepping randomly (stuck).
  6611 | D:6      | 6611 ||| Stepping randomly (stuck).
  6612 | D:6      | 6612 ||| Stepping randomly (stuck).
  6613 | D:6      | 6613 ||| Stepping randomly (stuck).
  6614 | D:6      | 6614 ||| Stepping randomly (stuck).
  6615 | D:6      | 6615 ||| Stepping randomly (stuck).
  6616 | D:6      | 6616 ||| Stepping randomly (stuck).
  6617 | D:6      | 6617 ||| Stepping randomly (stuck).
  6618 | D:6      | 6618 ||| Stepping randomly (stuck).
  6619 | D:6      | 6619 ||| Stepping randomly (stuck).
  6620 | D:6      | 6620 ||| Stepping randomly (stuck).
  6621 | D:6      | 6621 ||| Stepping randomly (stuck).
  6622 | D:6      | 6622 ||| Stepping randomly (stuck).
  6623 | D:6      | 6623 ||| Stepping randomly (stuck).
  6624 | D:6      | 6624 ||| Stepping randomly (stuck).
  6625 | D:6      | 6625 ||| Stepping randomly (stuck).
  6626 | D:6      | 6626 ||| Stepping randomly (stuck).
  6627 | D:6      | 6627 ||| Stepping randomly (stuck).
  6628 | D:6      | 6628 ||| Stepping randomly (stuck).
  6629 | D:6      | 6629 ||| Stepping randomly (stuck).
  6630 | D:6      | 6630 ||| Stepping randomly (stuck).
  6631 | D:6      | 6631 ||| Stepping randomly (stuck).
  6632 | D:6      | 6632 ||| Stepping randomly (stuck).
  6633 | D:6      | 6633 ||| Stepping randomly (stuck).
  6634 | D:6      | 6634 ||| Stepping randomly (stuck).
  6635 | D:6      | 6635 ||| Stepping randomly (stuck).
  6636 | D:6      | 6636 ||| Stepping randomly (stuck).
  6637 | D:6      | 6637 ||| Stepping randomly (stuck).
  6638 | D:6      | 6638 ||| Stepping randomly (stuck).
  6639 | D:6      | 6639 ||| Stepping randomly (stuck).
  6640 | D:6      | 6640 ||| Stepping randomly (stuck).
  6641 | D:6      | 6641 ||| Stepping randomly (stuck).
  6642 | D:6      | 6642 ||| Stepping randomly (stuck).
  6643 | D:6      | 6643 ||| Stepping randomly (stuck).
  6644 | D:6      | 6644 ||| Stepping randomly (stuck).
  6645 | D:6      | 6645 ||| Stepping randomly (stuck).
  6646 | D:6      | 6646 ||| Stepping randomly (stuck).
  6647 | D:6      | 6647 ||| Stepping randomly (stuck).
  6648 | D:6      | 6648 ||| Stepping randomly (stuck).
  6649 | D:6      | 6649 ||| Stepping randomly (stuck).
  6650 | D:6      | 6650 ||| Stepping randomly (stuck).
  6651 | D:6      | 6651 ||| Stepping randomly (stuck).
  6652 | D:6      | 6652 ||| Stepping randomly (stuck).
  6653 | D:6      | 6653 ||| Stepping randomly (stuck).
  6654 | D:6      | 6654 ||| Stepping randomly (stuck).
  6655 | D:6      | 6655 ||| Stepping randomly (stuck).
  6656 | D:6      | 6656 ||| Stepping randomly (stuck).
  6657 | D:6      | 6657 ||| Stepping randomly (stuck).
  6658 | D:6      | 6658 ||| Stepping randomly (stuck).
  6659 | D:6      | 6659 ||| Stepping randomly (stuck).
  6660 | D:6      | 6660 ||| Stepping randomly (stuck).
  6661 | D:6      | 6661 ||| Stepping randomly (stuck).
  6662 | D:6      | 6662 ||| Stepping randomly (stuck).
  6663 | D:6      | 6663 ||| Stepping randomly (stuck).
  6664 | D:6      | 6664 ||| Stepping randomly (stuck).
  6665 | D:6      | 6665 ||| Stepping randomly (stuck).
  6666 | D:6      | 6666 ||| Stepping randomly (stuck).
  6667 | D:6      | 6667 ||| Stepping randomly (stuck).
  6668 | D:6      | 6668 ||| Stepping randomly (stuck).
  6669 | D:6      | 6669 ||| Stepping randomly (stuck).
  6670 | D:6      | 6670 ||| Stepping randomly (stuck).
  6671 | D:6      | 6671 ||| Stepping randomly (stuck).
  6672 | D:6      | 6672 ||| Stepping randomly (stuck).
  6673 | D:6      | 6673 ||| Stepping randomly (stuck).
  6674 | D:6      | 6674 ||| Stepping randomly (stuck).
  6675 | D:6      | Quit the game

Levels and vault maps discovered:
D:1:      psy_arrival_radial02, layout_loops_ring, serial_shops, shop
D:2:      layout_loops_ring, hellmonk_ecumenical_altar_crossroads,
          minmay_snake_closets, uniq_crazy_yiuf_cottage
D:3:      layout_loops_ring, mainiacjoe_overflow_alcove_4, ebering_ghost_gozag,
          uniq_sigmund
D:4:      layout_basic, slow_altar_1, ashenzari_altar_1,
          minmay_temple_entry_junction_2, kennysheep_generic_room_9
D:5:      layout_loops_ring, hellmonk_okawaru_the_only_friend_you_need,
          zin_treasury, supply_closet_lemuel, chequers_decorated_corner
D:6:      layout_cave_pools, nicolae_kikubaaqudgha_miasma_corner, led_xom_imps,
          enter_ossuary_5, ebering_ghost_sewer_d, minmay_tree_intersection,
          uniq_duvessa, uniq_maggie, uniq_grinder
Temple:   nicolae_temple_two_arcs

Skill      XL: |  1  2  3  4  5  6  7  8  9 |
---------------+----------------------------+-----
Ranged Weapons | 5 6 7 8 9 10 | 10.8
Fighting       | 3 4 5 7 |  7.1
Dodging        | 3 4 5 |  5.1
Armour         | 1 2 |  2.0
Invocations    | 3 4 |  4.0
Stealth        | |  0.7

Action                     |  1- 3 |  4- 6 |  7- 9 || total
---------------------------+-------+-------+-------++-------
   Fire: Shortbow          |    89 |   150 |   237 ||   476
 Invoke: Heroism           |       |       |     4 ||     4
    Use: Scroll            |       |    11 |     9 ||    20
         Potion            |       |     3 |       ||     3
 Armour: Leather armour    |    12 |    20 |       ||    32
         Ring mail         |       |       |    23 ||    23
  Dodge: Dodged            |    37 |    34 |    60 ||   131

Table legend:
 A = Non-vault XP
 B = Vault XP
 C = Vault XP percentage of total XP
 D = Non-vault monster count
 E = Vault monster count
 F = Vault count percentage of total count
                 A         B        C        D         E       F
            +---------+---------+-------+---------+---------+-------
      Total |    2043 |    1406 |  40.8 |     129 |      18 |  12.2
            +---------+---------+-------+---------+---------+-------
        D:1 |      54 |       0 |   0.0 |      16 |       0 |   0.0
        D:2 |     107 |      33 |  23.6 |      27 |       7 |  20.6
        D:3 |      95 |     226 |  70.4 |      12 |       1 |   7.7
        D:4 |     341 |      47 |  12.1 |      25 |       2 |   7.4
        D:5 |     818 |       0 |   0.0 |      35 |       0 |   0.0
        D:6 |     628 |    1100 |  63.7 |      14 |       8 |  36.4
            +---------+---------+-------+---------+---------+-------
